 Dungeon Crawl Stone Soup version 0.20-a0-455-gc3b7d50 (webtiles) character file.

73 Queen the Ruffian (level 4, -1/35 HPs)
             Began as a Draconian Transmuter on Jan 10, 2017.
             Slain by a kobold
             ... wielding a +2 short sword of draining
              (3 damage)
             ... on level 2 of the Dungeon.
             The game lasted 00:08:59 (1732 turns).

Queen the Ruffian (Draconian Transmuter)            Turns: 1732, Time: 00:09:00

Health: -1/35      AC:  5    Str: 15    XL:     4   Next: 8%
Magic:  7/7        EV: 11    Int: 13    God:
Gold:   113        SH:  0    Dex: 12    Spells: 1/7 levels left

rFire  . . .     SeeInvis .       - Unarmed
rCold  . . .     Gourm    .     (armour unavailable)
rNeg   . . .     Faith    .     (no shield)
rPois  .         Spirit   .     (helmet restricted)
rElec  .         Reflect  .     (no cloak)
rCorr  .         Harm     .     (no gloves)
MR     .....                    (no boots)
Stlth  +.........               (no amulet)
                                (no ring)
                                (no ring)

@: lethally poisoned (-1 -> -3), very slightly contaminated, heavily drained
A: unfitting armour, strong 1, cold-blooded, AC +5
a: no special abilities


You were on level 2 of the Dungeon.
You were not hungry.

You visited 1 branch of the dungeon, and saw 2 of its levels.

You collected 113 gold pieces.

Inventory:

Missiles
 a - 12 arrows
Scrolls
 d - a scroll of fog {unknown}
 e - a scroll of teleportation
 k - a scroll of recharging
Potions
 h - a potion of invisibility {unknown}
 j - a potion of brilliance {unknown}
Books
 b - a book of Changes

   Spells                             Type                      Level
   a - Beastly Appendage              Transmutation                1
   b - Sticks to Snakes               Transmutation                2
   c - Spider Form                    Transmutation/Poison         3
   d - Ice Form                       Ice/Transmutation            4
   e - Blade Hands                    Transmutation                5
Comestibles
 c - 2 bread rations
 f - a royal jelly
 g - 4 chunks of flesh
 i - a slice of pizza


   Skills:
 - Level 1.1(0.0) Fighting
 - Level 1.8(0.0) Dodging
 + Level 4.8(2.2) Unarmed Combat
 - Level 2.1(0.0) Spellcasting
 - Level 2.0(0.0) Transmutations


You had one spell level left.
You knew the following spells:

 Your Spells              Type           Power        Failure   Level  Hunger
a - Beastly Appendage     Tmut           #.....       30%         1    ##.....
b - Sticks to Snakes      Tmut           #.......     47%         2    ###....
c - Spider Form           Tmut/Pois      #.........   86%         3    ####...


Dungeon Overview and Level Annotations

Branches:
Dungeon (2/15)

Altars:


Innate Abilities, Weirdness & Mutations

Your plain brown scales are hard. (AC +5)
You cannot fit into any form of body armour.
You are cold-blooded and may be slowed by cold attacks.
Your muscles are strong. (Str +2)


Message History

The adder barely misses you.
The kobold hits you with a short sword of draining.
You feel drained. The adder bites you.
* * * LOW HITPOINT WARNING * * *
You are poisoned.
The adder poisons you!
You hit the adder but do no damage. Your punch misses the adder.
The adder is almost dead.
You feel sick. The adder completely misses you.
The kobold hits you with a short sword of draining.
* * * LOW HITPOINT WARNING * * *
You feel drained.
* * * LOW HITPOINT WARNING * * *
Okay, then.
Okay, then.
You barely miss the adder.
The adder is almost dead.
The adder bites you but does no damage.
The kobold hits you with a short sword of draining.
You die...

#.(..######
#...........
####(......#
#.$.........
...........#
#...........
...........#
#...........
...........#
#...........
..<.......##
#...........
.......[..# #.....#
..........######SK...#
#...............@#####
#................#
#................#
#................#
########.........#
###########


You could see an adder and a kobold.

Vanquished Creatures
  2 adders (D:2)
  An ooze (D:2)
  2 dart slugs
  A giant cockroach (D:1)
  4 goblins
  8 hobgoblins
  6 jackals
  6 bats (D:1)
  5 frilled lizards
  9 kobolds
  3 rats
47 creatures vanquished.

Notes
Turn   | Place    | Note
-------+----------+-------------------------------------------
     0 | D:1      | Queen the Draconian Transmuter began the quest for the Orb.
     0 | D:1      | Reached XP level 1. HP: 16/16 MP: 3/3
   202 | D:1      | Reached XP level 2. HP: 20/23 MP: 5/5
   344 | D:1      | Gained mutation: Your muscles are strong. (Str +2) [potion of beneficial mutation]
   423 | D:1      | Reached skill level 4 in Unarmed Combat
   430 | D:1      | Learned a level 2 spell: Sticks to Snakes
   949 | D:2      | Reached XP level 3. HP: 16/28 MP: 6/6
  1600 | D:2      | Reached XP level 4. HP: 31/35 MP: 7/7
  1678 | D:2      | Learned a level 3 spell: Spider Form
  1732 | D:2      | Slain by a kobold

Vault maps used:
D:1:      lightli_arrival_maybe_door_vault, minmay_hedge_maze

Skill      XL: |  1  2 |
---------------+-------+-----
Unarmed Combat | 4 |  4.8
Fighting       | |  1.1
Dodging        | |  1.8
Spellcasting   | |  2.1
Transmutations | |  2.0

Action                   |  1- 3 |  4- 6 || total
-------------------------+-------+-------++-------
Melee: Unarmed           |   157 |    24 ||   181
       Tailslap          |    11 |     3 ||    14
       Headbutt          |     3 |       ||     3
       Kick              |     3 |       ||     3
       Punch             |     1 |     1 ||     2
 Cast: Beastly Appendage |    11 |     1 ||    12
  Use: Scroll            |     3 |       ||     3
       Potion            |     1 |       ||     1
  Eat: Chunk             |     2 |     1 ||     3
Armor: Skin              |    64 |     9 ||    73
Dodge: Dodged            |   119 |    16 ||   135
